 Dungeon Crawl Stone Soup version 0.31-a0-435-g2c6fae2916 (webtiles) character file.

Game seed: 15889219699548962580

10 Ethylacetat the Ruffian (level 2, -3/18 HPs)
             Began as an Octopode Shapeshifter on Aug 1, 2023.
             Slain by a kobold
             ... wielding a +0 club
              (5 damage)
             ... on level 1 of the Dungeon.
             The game lasted 00:00:15 (130 turns).

Ethylacetat the Ruffian (Octopode Shapeshifter)      Turns: 130, Time: 00:00:16

Health: -3/18      AC:  1    Str: 14    XL:     2   Next: 20%
Magic:  2/2        EV: 13    Int: 10    God:
Gold:   0          SH:  0    Dex: 12    Spells: 1/1 levels left

rFire   . .          .
                       - Unarmed
rCold   . . .        (no shield)
rNeg    . . .        (helmet currently unavailable)
rPois   .            (no amulet)
rElec   .            (no ring)
rCorr   .            (no ring)
SInv    .            (no ring)
Will    .....        (no ring)
Stlth   ++           (no ring)
HPRegen 0.23/turn    (no ring)
MPRegen 0.08/turn    (no ring)
                     (no ring)

%: no passive effects
@: beast-form
A: beast (slay +2), almost no armour, amphibious, 8 rings, camouflage 1,
gelatinous body 1, (nimble swimmer 1), tentacles
a: Begin Untransformation


You were on level 1 of the Dungeon.
You were a hulking beast.
You visited 1 branch of the dungeon, and saw 1 of its levels.

Inventory:

Talismans
 b - a beast talisman (active)
Scrolls
 c - a scroll of teleportation {unknown}
Potions
 a - a potion of lignification


   Skills:
 + Level 1.3 Fighting
 + Level 2.2 Dodging
 + Level 3.1 Unarmed Combat
 + Level 3.1 Shapeshifting


You had one spell level left.
You didn't know any spells.
Your spell library was empty.

Dungeon Overview and Level Annotations

Branches:
Dungeon (1/15)

Altars:


Innate Abilities, Weirdness & Mutations

You are a hulking beast.
Your limbs bulge with bestial killing power. (Slay +2)
You cannot wear most types of armour.
You are amphibious.
You can wear up to eight rings at the same time.
Your skin changes colour to match your surroundings (Stealth+).
Your rubbery body absorbs attacks. (AC +1, EV +1)
((You are camouflaged when in or above water. (Stealth+)))
You have tentacles for arms and can constrict up to eight enemies at once.


Message History

A kobold comes into view. It is wielding a +0 club.
A quokka comes into view.
You have reached level 2!
A rat comes into view.
You see here a +0 club.
A goblin comes into view. It is wielding a +0 dagger.
Found 7 gold pieces.
The goblin moves out of view.
The goblin hits you with a +0 club.
You tentacle-slap the goblin. You grab the goblin.
The goblin is severely wounded.
You constrict the goblin.
You kill the goblin!
The kobold hits you with a +0 club.
You tentacle-slap the quokka. You grab the quokka.
The quokka is lightly wounded.
You constrict the quokka. The quokka barely misses you.
The kobold closely misses you. The quokka completely misses you.
You tentacle-slap the quokka but do no damage.
You squeeze the quokka.
You kill the quokka!
The kobold hits you with a +0 club.
You barely miss the goblin. Your grab misses the goblin.
Your squeeze misses the goblin. The kobold hits you with a +0 club.
The goblin hits you with a +0 dagger.
You are too injured to fight recklessly!
You are too injured to fight recklessly!
You are too injured to fight recklessly!
The kobold attacks as you move away! The kobold hits you with a +0 club.
* * * LOW HITPOINT WARNING * * *
The kobold attacks as you move away! The kobold hits you with a +0 club.
* * * LOW HITPOINT WARNING * * *
The goblin attacks as you move away! The goblin barely misses you.
You see here a +0 club.
The kobold attacks as you move away! The kobold hits you with a +0 club.
* * * LOW HITPOINT WARNING * * *
You tentacle-slap the kobold but do no damage.
Your grab misses the kobold. The kobold closely misses you.
You tentacle-slap the kobold but do no damage.
Your grab misses the kobold. The kobold hits you with a +0 club.
You die...

. .. ... ....
.....
.$....#######
......).gKh.##
........r##..##
......##..##..####
...!.. ##.###....#
#####
#.###..#.....
#.##..## ....
##.#..##. ..#
#....##.. ..
#...#...# .


You could see a goblin, a kobold and a rat.

Vanquished Creatures
  2 ball pythons (D:1)
  2 goblins (D:1)
  3 quokkas (D:1)
  A frilled lizard (D:1)
8 creatures vanquished.

Notes
Turn   | Place    | Note
-------+----------+-------------------------------------------
     0 | D:1      | Ethylacetat the Octopode Shapeshifter began the quest for
                  | the Orb.
     0 | D:1      | Reached XP level 1. HP: 13/13 MP: 1/1
   119 | D:1      | Reached XP level 2. HP: 18/18 MP: 2/2
   130 | D:1      | Slain by a kobold

Illustrated notes

Levels and vault maps discovered:
D:1:      matt_arrival_refuge, layout_rooms

Action                     || total
---------------------------++-------
  Melee: Unarmed           ||    12
         Tentacles         ||     3
         Constrict         ||     3
         Punch             ||     1
   Stab: Sleeping          ||     2
  Dodge: Dodged            ||     7

Table legend: (Time is in decaauts)
 A = Elapsed time spent in this place.
 B = Non-inter-level travel time spent in this place.
 C = Inter-level travel time spent in this place.
 D = Time resting spent in this place.
 E = Time spent auto-exploring this place.
 F = Levels seen in this place.
 G = Mean time per level.
                   A        B        C        D        E       F      G
               +--------+--------+--------+--------+--------+-----+--------+
         Total |    129 |    129 |      0 |      0 |     89 |   1 |  129.0 |
       Dungeon |    129 |    129 |      0 |      0 |     89 |   1 |  129.0 |
               +--------+--------+--------+--------+--------+-----+--------+

Top non-repeatable levels by time:
     D:1: 129 daAuts
